AoeStats
← hightower_208

Arena

508717901Analyzed
2v2 RM · 8d ago on Sep 23, 2026· 45m 37s· 4 players
Game mode
Random Map
Map size
Medium (4 player)
Population
200
Speed
Normal
Resources
Standard
Victory
Conquest
Starting age
Dark Age
Ending age
Imperial Age
RankedLock teamsTeams togetherTeam positionsShared explorationLock speedFull tech treeHidden civsTurbo modeCheats
Victory
Defeat
🇩🇪 Italians · Germany
1670
+14
🇩🇪 Saxons · Germany
1646
+15
🇫🇮 Danes · Finland
1682
-17
🇫🇮 Turks · Finland
1574
-12
Shyles
9:39 Feudal Age
13:28 Castle Age
12:01 Double-Bit Axe
12:33 Loom
13:00 Horse Collar
14:39 Bow Saw
22:01 Heavy Plow
24:41 Wheelbarrow
26:42 Hand Cart
27:21 Fletching
27:48 Stone Mining
28:25 Bodkin Arrow
31:38 Imperial Age
30:35 Scale Mail Armor
29:57 Pikeman
32:15 Onager
35:28 Siege Onager
38:21 Man-at-Arms
39:23 Squires
39:08 Gambesons
39:39 Chain Mail Armor
39:27 Halberdier
40:29 Forging
40:21 Capped Ram
41:36 Plate Mail Armor
44:10 Coinage
43:58 Long Swordsman
Dasran
12:02 Feudal Age
12:11 Loom
13:55 Double-Bit Axe
16:12 Castle Age
15:58 Loom
20:09 Imperial Age
17:58 Horse Collar
19:10 Bow Saw
27:05 Heavy Plow
29:47 Wheelbarrow
30:16 Gold Mining
31:14 Stone Mining
32:03 Town Watch
33:11 Hand Cart
34:47 Padded Archer Armor
37:43 Two-Man Saw
43:57 Scale Barding Armor
44:02 Forging
44:08 Leather Archer Armor
44:27 Bloodlines
44:18 Husbandry
44:14 Elite Janissary
hightower_208
10:43 Feudal Age
11:41 Double-Bit Axe
14:26 Castle Age
12:20 Horse Collar
15:20 Gold Mining
16:37 Bow Saw
22:39 Imperial Age
20:48 Loom
21:38 Wheelbarrow
24:20 Chemistry
23:47 Pirotechnia
24:13 Conscription
24:18 Padded Archer Armor
25:19 Leather Archer Armor
27:06 Ring Archer Armor
35:04 Hand Cart
42:08 Guilds
43:16 Bombard Tower
43:17 Ballistics
43:57 Caravan
Mjoelnir
10:52 Feudal Age
11:38 Double-Bit Axe
11:55 Horse Collar
14:25 Castle Age
16:12 Forging
15:55 Fletching
16:00 Gold Mining
18:51 Bodkin Arrow
24:03 Loom
25:59 Wheelbarrow
25:26 Squires
28:29 Scale Mail Armor
29:59 Chain Mail Armor
30:00 Arson
32:07 Forging
35:48 Imperial Age
33:50 Man-at-Arms
35:07 Iron Casting
34:55 Gambesons
36:00 Elite Hearth Troop
37:01 Conscription
37:18 Plate Mail Armor
36:21 Capped Ram
37:08 Long Swordsman
38:13 Shield Wall
38:27 Siege Ram
38:47 Two-Handed Swordsman
39:49 Caravan
45:17 Elite Varangian Guard
Connection lost

Rejoining the realm…

Still unreachable

The connection could not be restored.

Session expired

The server has moved on; the page needs a fresh start.